 Dungeon Crawl Stone Soup version 0.17.2-1-ge4368a0 (webtiles) character file.

182 Goblin1989 the Chopper (level 5, -1/44 HPs)
             Began as a Hill Orc Gladiator on Oct 23, 2016.
             Slain by a gnoll
             ... wielding a +0 halberd
              (8 damage)
             ... on level 3 of the Dungeon.
             The game lasted 00:07:27 (2342 turns).

Goblin1989 the Chopper (Hill Orc Gladiator)         Turns: 2342, Time: 00:07:27

Health: -1/44      AC:  7    Str: 21    XL:     5   Next: 61%
Magic:  5/5        EV: 10    Int:  8    God:
Gold:   163        SH:  0    Dex: 11    Spells: 1 memorised, 3 levels left

rFire  + + .     SeeInvis .     a - +0 war axe
rCold  + . .     Clarity  .     n - +0 scale mail
rNeg   . . .     SustAt   .     (no shield)
rPois  +         Gourm    .     c - +0 helmet
rElec  +         Spirit   .     (no cloak)
rCorr  +         Warding  .     (no gloves)
rMut   .         Stasis   .     (no boots)
MR     .....                    (no amulet)
Stlth  ..........               f - ring of protection from fire
                                (no ring)

@: resistant, not resistant to hostile enchantments, extremely unstealthy
A: strong 1
a: Convert to Beogh


You were on level 3 of the Dungeon.
You were very hungry.

You visited 1 branch of the dungeon, and saw 3 of its levels.

You collected 163 gold pieces.

Inventory:

Hand Weapons
 a - a +0 war axe (weapon)
Missiles
 Z - 3 throwing nets {=f, !d}
Armour
 c - a +0 helmet (worn)
 n - a +0 scale mail (worn)
Jewellery
 f - a ring of protection from fire (right hand)
Potions
 h - a potion of curing {@q1}
 m - 3 potions of haste {!q, @q3}
Comestibles
 e - 2 bread rations {@e1}
 j - a meat ration {@e2}
 o - a slice of pizza
 q - a chunk of flesh {@w0}


   Skills:
 + Level 2.9 Fighting
 * Level 7.5 Axes
 - Level 1.7 Throwing
 + Level 0.7 Armour
 + Level 2.6 Dodging


You had 3 spell levels left.
You knew the following spells:

 Your Spells              Type           Power        Failure   Level  Hunger
o - Apportation           Tloc           #.........   95%         1    ##.....


Dungeon Overview and Level Annotations

Branches:
Dungeon (3/15)

Altars:


Innate Abilities, Weirdness & Mutations

Your muscles are strong. (Str +2)


Message History

You hit the giant cockroach.
You kill the giant cockroach!
A giant newt comes into view.
Found a scroll of identify.
The giant newt bites you but does no damage.
The giant newt bites you.
* * * LOW HITPOINT WARNING * * *
You take 2 damage, and have 6/44 hp.
The giant newt bites you but does no damage.
An orc priest comes into view. It is wielding a dagger.
The orc priest shouts, "Surrender to Beogh and we'll let you live!" (press Y on the ability menu to convert to Beogh)
The orc priest shouts!
An orc comes into view.
You closely miss the gnoll.
The gnoll is heavily wounded.
The orc shouts!
The gnoll misses you.
The gnoll hits you from afar with a halberd!
You die...

...█ █.█.█ █.█.█
.... . █.████.█.█
.... ██
█......█.█ ..
███.
..........██...█
.███████l......█
█.█.█...█
█.█.██... █
..███████g█......
..
ooo....@g....?...
...
.....████....███.
.███ ███ ████.█
.... .█ .... █
..... .. ...
..... █ ..$..
..... █.█.█..
.... ......


You could see an orc priest, 2 gnolls and 2 orcs.

Vanquished Creatures
  Terence (D:2)
  Natasha (twice) (D:2)
  2 gnolls (D:3)
  Robin (D:3)
  5 adders (D:2)
  4 bats
  4 giant cockroaches
  14 goblins
  7 hobgoblins
  A quokka (D:2)
  A giant newt (D:1)
  3 jackals (D:2)
  6 kobolds
  4 rats
55 creatures vanquished.

Notes
Turn   | Place    | Note
--------------------------------------------------------------
     0 | D:1      | Goblin1989 the Hill Orc Gladiator began the quest for the Orb.
     0 | D:1      | Reached XP level 1. HP: 18/18 MP: 1/1
   152 | D:1      | Reached XP level 2. HP: 25/25 MP: 2/2
   401 | D:1      | Reached skill level 5 in Axes
   556 | D:2      | Noticed Terence
   571 | D:2      | Killed Terence
   571 | D:2      | Reached XP level 3. HP: 21/30 MP: 3/3
   581 | D:2      | Learned a level 1 spell: Apportation
   754 | D:2      | Reached skill level 6 in Axes
   864 | D:2      | Reached XP level 4. HP: 24/37 MP: 4/4
  1124 | D:2      | Noticed Natasha
  1140 | D:2      | Killed Natasha
  1431 | D:2      | Reached skill level 7 in Axes
  1806 | D:2      | Reached XP level 5. HP: 22/42 MP: 5/5
  2165 | D:2      | Noticed Natasha
  2170 | D:2      | Killed Natasha
  2249 | D:3      | Noticed Robin
  2252 | D:3      | Gained mutation: Your muscles are strong. (Str +2) [potion of beneficial mutation]
  2278 | D:3      | Killed Robin
  2296 | D:3      | HP: 2/44 [gnoll/flail of crushing (1)]
  2342 | D:3      | Slain by a gnoll

Action                   |  1- 3 |  4- 6 || total
-------------------------+-------+-------++-------
Melee: War axe           |   116 |   110 ||   226
  Use: Potion            |       |     6 ||     6
       Scroll            |       |     4 ||     4
 Stab: Sleeping          |     2 |       ||     2
       Invisible         |       |     8 ||     8
  Eat: Chunk             |       |     4 ||     4

Vault maps used:
D:1:      roderic_crossed_star
D:2:      uniq_terence, uniq_natasha
D:3:      portal_sewer_entry_f, uniq_robin, uniq_crazy_yiuf_cottage
